 Dungeon Crawl Stone Soup version 0.32-a0-485-g70f7560b1c (webtiles) character file.

Game seed: 9352399602242994064

409 Malificent the Chopper (level 6, -6/38 HPs)
             Began as a Tengu Monk on Feb 26, 2024.
             Was an Elder of Nemelex Xobeh.
             Splashed by a jelly's acid (9 damage)
             ... on level 4 of the Dungeon.
             The game lasted 00:10:39 (2982 turns).

Malificent the Chopper (Tengu Monk)                 Turns: 2982, Time: 00:10:42

Health: -6/38      AC:  1    Str: 11    XL:     6   Next: 89%
Magic:  8/8        EV: 11    Int: 11    God:    Nemelex Xobeh [****..]
Gold:   191        SH:  8    Dex: 18    Spells: 5/5 levels left

rFire   . . .        s - +1 mace (heavy)
rCold   + . .        o - +0 kite shield
rNeg    . . .        e - +1 leather armour
rPois   .            (helmet restricted)
rElec   .            (no cloak)
rCorr   .            u - +0 pair of gloves
SInv    .            (boots unavailable)
Will    .....        (no amulet)
Stlth   ++           g - ring of protection from cold
HPRegen 0.26/turn    (no ring)
MPRegen 0.11/turn

%: acrobat
@: corroded
A: beak, talons 3, acrobatic
a: Renounce Religion, Draw Escape, Draw Destruction, Draw Summoning, Triple
Draw, Deal Four


You were on level 4 of the Dungeon.
You worshipped Nemelex Xobeh.
Nemelex Xobeh was greatly pleased with you.
You visited 1 branch of the dungeon, and saw 4 of its levels.

You collected 191 gold pieces.

Inventory:

Hand Weapons
 a - a +0 hand axe
 s - a +1 heavy mace (weapon)
 v - a +0 war axe
Armour
 b - a +0 robe
 d - an orb of light
 e - a +1 leather armour (worn)
 o - a +0 kite shield (worn)
 u - a +0 pair of gloves (worn)
Jewellery
 g - a ring of protection from cold (left hand)
Wands
 q - a wand of flame (5)
Scrolls
 n - a scroll of teleportation
 w - a scroll of enchant weapon {unknown}
 x - a scroll of silence {unknown}
Potions
 c - 3 potions of ambrosia
 f - a potion of experience {unknown}
 h - a potion of might {unknown}
 i - 4 potions of brilliance {unknown}
 j - a potion of resistance {unknown}
 k - a potion of magic {unknown}
 l - a potion of haste {unknown}
 m - 3 potions of heal wounds
 p - a potion of lignification {unknown}
 r - 2 potions of berserk rage {unknown}
 t - a potion of curing {unknown}
 z - a potion of mutation {unknown}


   Skills:
 + Level 4.0 Fighting
 + Level 5.1 Axes
 + Level 0.1(3.1) Maces & Flails
 + Level 2.2 Armour
 + Level 4.1 Dodging
 + Level 0.9 Stealth
 + Level 0.8 Shields
 * Level 2.4 Invocations
 * Level 1.5 Evocations


You had 5 spell levels left.
You didn't know any spells.
Your spell library contained the following spells:

 Spells                   Type           Power      Damage    Failure   Level
 Shock                    Conj/Air       0%         1d3       92%         1
 Summon Small Mammal      Summ           0%         N/A       92%         1
 Scorch                   Fire           0%         2d5       98%         2
 Call Canine Familiar     Summ           0%         N/A       100%        3
 Fugue of the Fallen      Necr           0%         N/A       100%        3
 Ozocubu's Armour         Ice            0%         N/A       100%        3
 Swiftness                Air            0%         N/A       100%        3
 Airstrike                Air            0%         2d(0-16)  100%        4
 Flame Wave               Conj/Fire      0%         2d4       100%        4
 Manifold Assault         Tloc           0%         N/A       100%        4
 Summon Blazeheart Golem  Fire/Summ      0%         N/A       100%        4
 Summon Cactus Giant      Summ           0%         N/A       100%        6


Dungeon Overview and Level Annotations

Branches:
Dungeon (4/15)
 Temple: D:4-7

Altars:
Nemelex Xobeh

Shops:
D:1 *


Innate Abilities, Weirdness & Mutations

You have a beak for a mouth.
You have claws for feet.
You can magically evade attacks while moving or waiting.


Message History

The jelly hits you but does no damage. The jelly closely misses you.
You barely miss the jelly. You peck the jelly, but do no damage.
The jelly is heavily wounded.
The jelly hits you but does no damage. x2
You hit the jelly but do no damage.
Your hands burn!
You claw the jelly.
The jelly is severely wounded.
The jelly barely misses you. The jelly hits you.
You are splashed with acid!
You sock the jelly!
You kill the jelly!
You start resting.
HP restored.
You see here a quokka skeleton.
The orc wizard shouts!
You open the large door.
The orc wizard gestures at you while chanting.
The magic dart hits you!
The jelly quivers.
You draw a card...
You have drawn Vitriol.
Press: ? - help, Shift-Dir - straight line, f - jelly
Aim: a jelly The glob of acid hits the orc wizard!!!
The acid corrodes the orc wizard!
You kill the orc wizard!
You hit the jelly. The acid corrodes you!
Your hands burn!
Your kick misses the jelly.
The jelly is moderately wounded.
The jelly hits you.
You are splashed with acid!
You block the jelly's attack.
You hit the jelly.
Your hands burn!
* * * LOW HITPOINT WARNING * * *
You claw the jelly. You peck the jelly.
The jelly is severely wounded.
The jelly hits you.
* * * LOW HITPOINT WARNING * * *
You are splashed with acid!
* * * LOW HITPOINT WARNING * * *
The jelly hits you.
* * * LOW HITPOINT WARNING * * *
You are splashed with acid!
You die...
Your body glows slightly and disappears.

#####.#.÷.....#.# ## #.....#.#.#
..............>.##.# #.....#.#.#
######.######......# #.....#.#.#
...................####.....#.#.#
.#####.#####....(...........[....
#####.....#.......#..######..#.#
.#.........#.......#.## ##.#.#
.#.#########.......#.# #.#.# .#.#
#.......@....# #.#.# .#(#
####..##J'##.+ #.#.# .#.#
#.##ß..ß### #.#.# .#.# #.#ß.).)ß#
#...# .#.# ..#)....)# ...#
#..#|....!# #### #..#ß....ß#
#..##ß..ß##


You could see a jelly.

Vanquished Creatures
  A phantom (D:4)
  A jelly (D:4)
  A quasit (D:3)
  2 orc priests (D:3)
  4 orc wizards
  A gnoll (D:1)
  2 adders
  A dart slug (D:1)
  8 orcs
  2 ball pythons
  6 bats
  8 endoplasms
  2 giant cockroaches (D:2)
  8 hobgoblins
  2 jackals (D:1)
  6 kobolds
  4 quokkas
  2 frilled lizards (D:1)
  10 goblins
  9 rats
80 creatures vanquished.

Vanquished Creatures (others)
  A ball python (D:1)
1 creature vanquished.

Grand Total: 81 creatures vanquished

Notes
Turn   | Place    | Note
-------+----------+-------------------------------------------
     0 | D:1      | Malificent the Tengu Monk began the quest for the Orb.
     0 | D:1      | Reached XP level 1. HP: 14/14 MP: 2/2
    25 | D:1      | Reached XP level 2. HP: 6/19 MP: 3/3
   409 | D:1      | Found a faded altar of an unknown god.
   424 | D:1      | Reached XP level 3. HP: 23/23 MP: 4/4
   451 | D:1      | Prayed at the altar of an unknown god.
   451 | D:1      | Became a worshipper of Nemelex Xobeh the Trickster
   451 | D:1      | Reached * piety under Nemelex Xobeh
   451 | D:1      | Received a gift from Nemelex Xobeh
   451 | D:1      | Reached ** piety under Nemelex Xobeh
   451 | D:1      | Received a gift from Nemelex Xobeh
   456 | D:1      | Found Zagyt's General Store.
   663 | D:1      | Reached *** piety under Nemelex Xobeh
   853 | D:2      | Reached skill level 4 in Axes
   882 | D:2      | Reached XP level 4. HP: 15/28 MP: 5/5
  1745 | D:3      | Received a gift from Nemelex Xobeh
  1948 | D:3      | Noticed Grinder
  1951 | D:3      | Grinder changed into Grinder the quasit
  1951 | D:3      | Noticed Grinder
  1963 | D:3      | Killed Grinder the quasit
  1964 | D:3      | Reached skill level 1 in Invocations
  1964 | D:3      | Reached XP level 5. HP: 27/33 MP: 5/7
  2099 | D:3      | Reached skill level 1 in Armour
  2102 | D:3      | Reached **** piety under Nemelex Xobeh
  2507 | D:4      | Noticed a phantom
  2516 | D:4      | Killed a phantom
  2517 | D:4      | Reached skill level 1 in Evocations
  2517 | D:4      | Reached XP level 6. HP: 30/38 MP: 8/8
  2592 | D:4      | Received a gift from Nemelex Xobeh
  2709 | D:4      | Reached skill level 5 in Axes
  2890 | D:4      | Found a large runed translucent door.
  2890 | D:4      | Found a large runed translucent door.
  2982 | D:4      | Splashed by a jelly's acid

Illustrated notes

Levels and vault maps discovered:
D:1:      spicycebolla_arrival_xxxplode, layout_rooms,
          hellmonk_ecumenical_altar_dog_temple, serial_shops, shop,
          lemuel_flame_loot_1
D:2:      layout_rooms, minmay_misc_feat_room, wad_orctagon
D:3:      layout_basic, grunt_ministairs_9, minmay_misc_feat_columns,
          uniq_grinder
D:4:      layout_basic, roderic_lattice_a, minmay_hollow_rounded_squares

Skill      XL: |  1  2  3  4  5  6 |
---------------+-------------------+-----
Axes           | 4 5 |  5.1
Invocations    | 1 2 |  2.4
Armour         | 1 2 |  2.2
Dodging        | 4 |  4.1
Evocations     | 1 |  1.5
Fighting       | 4 |  4.0
Maces & Flails | |  0.1
Stealth        | |  0.9
Shields        | |  0.8

Action                     |  1- 3 |  4- 6 || total
---------------------------+-------+-------++-------
  Melee: Hand axe          |    61 |    73 ||   134
         Kick              |    18 |    27 ||    45
         Peck              |     7 |    12 ||    19
         Mace              |       |    18 ||    18
 Invoke: Draw Destruction  |       |     4 ||     4
    Use: Scroll            |       |     7 ||     7
   Stab: Sleeping          |       |     1 ||     1
 Armour: Robe              |     4 |       ||     4
         Leather armour    |    23 |    63 ||    86
  Dodge: Dodged            |    58 |    62 ||   120
  Block: Kite shield       |       |    30 ||    30

Table legend: (Time is in decaauts)
 A = Elapsed time spent in this place.
 B = Non-inter-level travel time spent in this place.
 C = Inter-level travel time spent in this place.
 D = Time resting spent in this place.
 E = Time spent auto-exploring this place.
 F = Levels seen in this place.
 G = Mean time per level.
                   A        B        C        D        E       F      G
               +--------+--------+--------+--------+--------+-----+--------+
         Total |   3021 |   2915 |    106 |    383 |   1710 |   4 |  755.2 |
       Dungeon |   3021 |   2915 |    106 |    383 |   1710 |   4 |  755.2 |
               +--------+--------+--------+--------+--------+-----+--------+

Top non-repeatable levels by time:
     D:3: 879 daAuts
     D:1: 823 daAuts
     D:2: 797 daAuts
     D:4: 521 daAuts
